AoeStats
← Sir Leonhart

Black Forest

510274013Analyzed
4v4 RM · 2d ago on Sep 30, 2026· 60m 18s· 8 players
Game mode
Random Map
Map size
Large (8 player)
Population
200
Speed
Normal
Resources
Standard
Victory
Conquest
Starting age
Dark Age
Ending age
Imperial Age
RankedLock teamsTeams togetherTeam positionsShared explorationLock speedFull tech treeHidden civsTurbo modeCheats
Victory
Defeat
🇩🇪 Varangians · Germany
875
+15
🇩🇪 Danes · Germany
862
+16
🇫🇷 Romans · France
853
+16
🇩🇪 Bohemians · Germany
802
+18
🇫🇷 Vietnamese · France
915
-18
🇦🇷 Khmer · Argentina
875
-17
🇦🇷 Persians · Argentina
858
-16
🇮🇹 Franks · Italy
793
-14
farigs4
10:50 Feudal Age
12:15 Wheelbarrow
13:24 Double-Bit Axe
20:17 Castle Age
18:12 Stone Mining
18:15 Gold Mining
18:14 Horse Collar
25:31 Bow Saw
26:10 Hand Cart
32:03 Imperial Age
31:30 Caravan
32:01 Coinage
32:53 Gold Shaft Mining
32:42 Heavy Plow
33:34 Ballistics
33:21 Siege Engineers
34:17 Chemistry
34:21 Conscription
34:08 Ballistas
34:26 Comitatenses
35:44 Banking
36:03 Crop Rotation
35:12 Heavy Scorpion
37:57 Elite Centurion
Sir Leonhart
4:53 Loom
12:57 Feudal Age
13:40 Double-Bit Axe
13:53 Fishing Lines
18:57 Castle Age
21:01 Gillnets
21:40 Bow Saw
21:34 Caravan
23:41 Wheelbarrow
25:16 Gold Mining
25:22 Stone Mining
25:56 Hand Cart
30:11 Scale Mail Armor
30:22 Forging
33:05 Imperial Age
33:06 Gold Shaft Mining
33:06 Stone Shaft Mining
33:15 Ballistics
32:52 Murder Holes
33:53 Siege Engineers
34:50 Chemistry
33:16 Onager
35:08 Chain Mail Armor
35:29 Iron Casting
34:23 Northmen's Fury
35:35 Masonry
35:24 Arrowslits
36:31 Conscription
37:35 Siege Onager
38:13 Horse Collar
40:45 Plate Mail Armor
41:15 Blast Furnace
45:04 Elite Jomsviking
48:39 Gambesons
48:55 Squires
48:41 Arson
53:03 Hamask
anonymer Alfred
0:32 Loom
14:26 Feudal Age
15:10 Town Watch
15:08 Horse Collar
15:16 Double-Bit Axe
15:19 Fishing Lines
16:13 Gold Mining
22:21 Castle Age
20:27 Stone Mining
22:13 Bloodlines
27:37 Bow Saw
27:56 Gillnets
28:22 Heavy Plow
30:29 Wheelbarrow
31:57 Hand Cart
32:02 Treadmill Crane
34:58 Imperial Age
32:42 Fortified Wall
32:54 Ballistics
32:32 Murder Holes
33:57 Masonry
34:07 Vendel Legacy
35:16 Fervor
35:49 Stone Shaft Mining
35:19 Caravan
35:10 Elite Varangian Guard
35:41 Onager
36:32 Siege Engineers
38:13 Two-Man Saw
37:40 Squires
37:26 Gambesons
37:28 Arson
37:03 Pikeman
37:47 Gothikon
38:10 Capped Ram
40:01 Crop Rotation
39:47 Town Patrol
42:42 Conscription
42:42 Halberdier
43:29 Scale Mail Armor
43:39 Forging
43:20 Fletching
44:55 Elite Jarl
47:05 Scale Barding Armor
47:36 Iron Casting
47:17 Chain Mail Armor
46:58 Bodkin Arrow
47:05 Padded Archer Armor
47:20 Heavy Mounted Crossbowman
47:20 Cranequins
48:22 Chain Barding Armor
48:48 Architecture
50:04 Blast Furnace
51:42 Plate Mail Armor
51:13 Bracer
56:56 Plate Barding Armor
56:36 Leather Archer Armor
Granatenrambo
0:30 Loom
12:16 Feudal Age
13:55 Double-Bit Axe
13:53 Horse Collar
20:39 Castle Age
24:14 Wheelbarrow
24:54 Bow Saw
26:53 Heavy Plow
29:00 Fortified Wall
32:11 Imperial Age
31:24 Hand Cart
31:23 Masonry
32:57 Chemistry
32:27 Elite Hussite Wagon
33:27 Conscription
33:24 Caravan
33:33 Pikeman
34:13 Squires
37:28 Wagenburg Tactics
38:34 Two-Man Saw
37:36 Scale Mail Armor
37:59 Ballistics
38:32 Chain Mail Armor
39:43 Plate Mail Armor
39:18 Halberdier
Actiweed1
0:28 Loom
12:56 Feudal Age
13:59 Double-Bit Axe
14:56 Wheelbarrow
14:08 Fishing Lines
15:05 Horse Collar
18:12 Gold Mining
21:13 Castle Age
21:34 Stone Mining
22:36 Bow Saw
22:46 Hand Cart
22:23 Gillnets
27:41 Heavy Plow
28:17 Caravan
29:16 Treadmill Crane
30:08 Fortified Wall
29:52 Fletching
34:20 Imperial Age
32:33 Padded Archer Armor
32:36 Murder Holes
33:25 Bodkin Arrow
33:45 Leather Archer Armor
34:05 Masonry
34:15 Ballistics
34:07 Thumb Ring
33:38 Pikeman
34:19 Squires
34:05 Arson
35:28 Stone Shaft Mining
36:07 Chemistry
35:17 Heated Shot
35:37 Bracer
35:24 Halberdier
35:43 Elite Skirmisher
38:39 Ring Archer Armor
38:31 Forging
38:21 Scale Mail Armor
39:28 Herbal Medicine
39:42 Siege Engineers
40:03 Town Watch
40:23 Imperial Skirmisher
41:28 Paper Money
41:21 Elite Rattan Archer
43:52 Two-Man Saw
43:27 Crop Rotation
43:37 Iron Casting
43:17 Chain Mail Armor
50:23 Bloodlines
50:14 Husbandry
49:36 Light Cavalry
alexgiaco98
0:26 Loom
13:37 Feudal Age
14:51 Double-Bit Axe
15:56 Stone Mining
16:14 Gold Mining
23:59 Castle Age
25:10 Bow Saw
25:41 Gold Shaft Mining
26:33 Husbandry
30:19 Caravan
37:36 Imperial Age
38:05 Scale Barding Armor
37:37 Cavalier
38:41 Conscription
38:35 Chivalry
39:59 Chemistry
39:04 Paladin
43:18 Chain Barding Armor
45:28 Onager
47:12 Elite Throwing Axeman
Eu sou Coringa
0:52 Loom
14:30 Feudal Age
19:11 Castle Age
17:34 Horse Collar
17:43 Double-Bit Axe
21:41 Bow Saw
29:45 Imperial Age
27:51 Wheelbarrow
29:33 Hand Cart
28:48 Pikeman
30:35 Scale Mail Armor
30:46 Forging
30:41 Scale Barding Armor
32:34 Town Watch
33:16 Chain Barding Armor
33:12 Chain Mail Armor
33:32 Iron Casting
34:59 Plate Barding Armor
34:29 Padded Archer Armor
34:20 Fletching
37:56 Blast Furnace
36:30 Halberdier
38:58 Bodkin Arrow
39:19 Leather Archer Armor
39:08 Tusk Swords
39:24 Double Crossbow
38:47 Elite Ballista Elephant
44:26 Onager
76561199184427487
11:49 Feudal Age
15:31 Castle Age
14:04 Double-Bit Axe
16:56 Bow Saw
17:45 Horse Collar
22:13 Heavy Plow
24:21 Caravan
24:40 Gold Mining
26:40 Wheelbarrow
27:31 Hand Cart
29:01 Gold Shaft Mining
28:17 Stone Mining
30:07 Stone Shaft Mining
32:39 Imperial Age
31:09 Forging
31:04 Scale Barding Armor
32:31 Heavy Camel Rider
32:35 Cavalier
33:43 Conscription
34:18 Husbandry
34:24 Husbandry
35:16 Iron Casting
34:08 Savar
37:26 Bloodlines
37:43 Chain Barding Armor
38:23 Blast Furnace
37:41 Kamandaran
37:02 Elite War Elephant
40:45 Two-Man Saw
40:48 Plate Barding Armor
45:21 Light Cavalry
46:44 Hussar
Connection lost

Rejoining the realm…

Still unreachable

The connection could not be restored.

Session expired

The server has moved on; the page needs a fresh start.